AoeStats
← V

Arena

510309145Analyzed
2v2 RM · 6h ago on Sep 30, 2026· 52m 26s· 4 players
Game mode
Random Map
Map size
Medium (4 player)
Population
200
Speed
Normal
Resources
Standard
Victory
Conquest
Starting age
Dark Age
Ending age
Imperial Age
RankedLock teamsTeams togetherTeam positionsShared explorationLock speedFull tech treeHidden civsTurbo modeCheats
Victory
Defeat
🇺🇸 Malians · United States
920
+18
🇮🇳 Turks · India
911
+18
🇨🇳 Spanish · China
966
-18
🇨🇳 Saxons · China
958
-18
XDDCC
11:21 Feudal Age
16:51 Castle Age
18:11 Double-Bit Axe
23:54 Horse Collar
25:37 Pikeman
27:07 Ballistics
27:09 Arson
27:26 Squires
30:23 Treadmill Crane
33:30 Imperial Age
31:27 Forging
31:18 Scale Mail Armor
31:57 Heavy Plow
31:23 Elite Skirmisher
33:01 Fortified Wall
33:47 Iron Casting
33:27 Chain Mail Armor
33:26 Thumb Ring
34:19 Masonry
34:06 Halberdier
35:15 Conscription
35:14 Padded Archer Armor
35:05 Fletching
36:06 Plate Mail Armor
36:26 Architecture
36:48 Crop Rotation
37:04 Shield Wall
38:00 Murder Holes
39:45 Hoardings
39:09 Bodkin Arrow
39:59 Bracer
40:15 Leather Archer Armor
41:51 Chemistry
43:16 Elite Varangian Guard
45:05 Crossbowman
52:17 Bloodlines
52:08 Husbandry
V
11:40 Feudal Age
15:20 Castle Age
14:14 Double-Bit Axe
14:28 Horse Collar
16:11 Loom
27:50 Heavy Plow
27:40 Double-Bit Axe
33:54 Imperial Age
33:20 Bow Saw
35:41 Conscription
35:38 Bloodlines
35:28 Husbandry
38:16 Chemistry
40:34 Forging
40:30 Scale Barding Armor
42:35 Ballistics
42:18 Cavalier
44:24 Iron Casting
44:11 Chain Barding Armor
47:55 Blast Furnace
47:31 Plate Barding Armor
51:23 Murder Holes
Spar27
9:58 Feudal Age
11:21 Double-Bit Axe
17:03 Castle Age
16:19 Horse Collar
17:34 Man-at-Arms
18:18 Squires
18:14 Loom
19:08 Wheelbarrow
19:24 Long Swordsman
20:12 Loom
22:01 Scale Mail Armor
26:23 Heavy Plow
28:17 Bow Saw
29:38 Gold Mining
35:41 Imperial Age
33:33 Scale Barding Armor
35:58 Wheelbarrow
36:49 Chain Barding Armor
37:12 Bloodlines
37:10 Husbandry
37:22 Forging
39:07 Plate Barding Armor
38:25 Two-Handed Swordsman
41:34 Iron Casting
41:15 Chain Mail Armor
40:49 Champion
45:07 Cavalier
48:20 Farimba
life_stuck_in_errors
0:26 Loom
12:04 Feudal Age
17:55 Castle Age
17:17 Wheelbarrow
16:32 Double-Bit Axe
16:31 Horse Collar
17:50 Wheelbarrow
25:49 Hand Cart
35:25 Imperial Age
36:14 Caravan
35:45 Elite Janissary
36:46 Conscription
36:40 Padded Archer Armor
36:45 Scale Barding Armor
36:53 Bloodlines
36:43 Husbandry
38:02 Leather Archer Armor
37:33 Cavalier
38:55 Bow Saw
38:48 Heavy Plow
Connection lost

Rejoining the realm…

Still unreachable

The connection could not be restored.

Session expired

The server has moved on; the page needs a fresh start.